 Dungeon Crawl Stone Soup version 0.23-a0-703-gdf2d5e0 (webtiles) character file.

182 zishaf the Sneak (level 5, 0/28 HPs)
             Began as a Vine Stalker Assassin on Jan 13, 2019.
             Slain by a slave (2 damage)
             ... led by Pikel
             ... on level 3 of the Dungeon.
             The game lasted 00:05:05 (2292 turns).

zishaf the Sneak (Vine Stalker Assassin)            Turns: 2292, Time: 00:05:06

Health: 0/28       AC:  6    Str: 15    XL:     5   Next: 62%
Magic:  0/6        EV: 11    Int: 11    God:
Gold:   196        SH:  0    Dex: 18    Spells: 4/4 levels left

rFire    . . .     SeeInvis .   a - +2 dagger
rCold    . . .     Gourm    .   (no shield)
rNeg     . . .     Faith    .   h - +0 ring mail
rPois    .         Spirit   +   (no helmet)
rElec    .         Reflect  .   d - +0 cloak
rCorr    .         Harm     .   (no gloves)
MR       +....                  (no boots)
Stlth    +++.......             o - amulet of the acrobat
HPRegen  0.49/turn              w - ring of protection from magic
MPRegen  0.10/turn              t - +3 ring of dexterity

@: flying
A: fangs 2, regeneration 1, magic shield, antimagic bite, no potion heal 3, rot
immunity
a: no special abilities


You were on level 3 of the Dungeon.
You were hungry.

You visited 1 branch of the dungeon, and saw 4 of its levels.

You collected 196 gold pieces.

Inventory:

Hand Weapons
 a - a +2 dagger (weapon)
 b - a +0 blowgun
Missiles
 e - 8 poisoned needles
 f - 2 curare-tipped needles
 j - 28 sling bullets
 l - 63 stones
 q - 3 javelins (quivered)
 x - 3 tomahawks
Armour
 c - a +0 robe
 d - a +0 cloak (worn)
 h - a +0 ring mail (worn)
Jewellery
 m - an uncursed ring of resist corrosion
 o - an amulet of the acrobat (around neck)
 t - a +3 ring of dexterity (right hand)
 w - a ring of protection from magic (left hand)
Scrolls
 i - 3 scrolls of identify {unknown}
 p - 3 scrolls of enchant weapon {unknown}
 r - 2 scrolls of teleportation {unknown}
 u - 2 scrolls of remove curse {unknown}
 v - a scroll of magic mapping {unknown}
 y - a scroll of noise {unknown}
Comestibles
 g - 4 rations
 k - 7 chunks of flesh


   Skills:
 + Level 2.9 Fighting
 + Level 2.9 Short Blades
 - Level 1.7 Throwing
 + Level 2.0 Armour
 - Level 1.0 Dodging
 + Level 5.8 Stealth


You had 4 spell levels left.
You didn't know any spells.
Your spell library was empty.

Dungeon Overview and Level Annotations

Branches:
Dungeon (4/15)
 Temple: D:4-7

Altars:
Gozag

Annotations:
D:3 3 runed doors, Pikel; frimble's ghost, amateur DsFi


Innate Abilities, Weirdness & Mutations

You have extremely sharp teeth.
Your natural rate of healing is unusually fast.
When hurt, damage is shared between your health and your magic reserves.
Your bite disrupts and absorbs the magic of your enemies.
Potions cannot restore your health.
You are immune to rotting.


Message History

Pikel closely misses you. The slave barely misses you.
It was a potion of flight.
You feel very buoyant.
You fly up into the air.
Pikel hits you but does no damage. The slave hits you.
* * * LOW HITPOINT WARNING * * *
You closely miss Pikel. You bite Pikel, but do no damage.
Pikel is moderately wounded.
Pikel hits you with a +2 whip of flaming.
* * * LOW HITPOINT WARNING * * *
Pikel burns you.
* * * LOW HITPOINT WARNING * * *
The slave barely misses you.
You hit Pikel but do no damage. You bite Pikel, but do no damage.
Pikel is moderately wounded.
Pikel hits you with a +2 whip of flaming.
* * * LOW HITPOINT WARNING * * *
Pikel burns you.
* * * LOW HITPOINT WARNING * * *
The slave hits you.
You die...

#.#KK#K#..#
#.#8W#!#.8# #.#K.#
#.P# #.##.. .K###
#..##$K.##.#
##..#####..#
##........#
#########.######p#
...............K@#
#########.########
#.# #.# #.#
#########.#
..........#
###########


You could see Pikel and a slave.

Vanquished Creatures
  A slave (D:3)
  A bullfrog (D:3)
  2 adders (D:2)
  2 oozes
  A worm (D:2)
  4 dart slugs
  7 orcs (D:3)
  A ball python (D:3)
  5 giant cockroaches
  7 goblins
  10 hobgoblins
  2 jackals
  A quokka (D:2)
  11 bats
  3 frilled lizards (D:2)
  11 kobolds
  9 rats
78 creatures vanquished.

Vanquished Creatures (others)
  2 fungi (D:3)
  A plant (D:3)
3 creatures vanquished.

Grand Total: 81 creatures vanquished

Notes
Turn   | Place    | Note
-------+----------+-------------------------------------------
     0 | D:1      | zishaf the Vine Stalker Assassin began the quest for the
                  | Orb.
     0 | D:1      | Reached XP level 1. HP: 11/11 MP: 2/2
    99 | D:1      | Reached skill level 1 in Dodging
    99 | D:1      | Reached XP level 2. HP: 14/15 MP: 3/3
   235 | D:1      | Reached skill level 5 in Stealth
   685 | D:2      | Reached XP level 3. HP: 18/18 MP: 4/4
   707 | D:2      | Reached skill level 1 in Armour
   923 | D:2      | Gained mutation: Your natural rate of healing is unusually
                  | fast. [Vine Stalker growth]
   923 | D:2      | Reached XP level 4. HP: 20/23 MP: 5/5
  1374 | D:3      | Found an opulent altar of Gozag.
  1711 | D:3      | Noticed a bullfrog
  1718 | D:3      | Killed a bullfrog
  1718 | D:3      | Reached XP level 5. HP: 9/28 MP: 1/6
  1797 | D:3      | Noticed an orc warrior
  2028 | D:3      | Found a runed gate.
  2029 | D:3      | Noticed a big kobold
  2030 | D:3      | Found a runed gate.
  2030 | D:3      | Found a runed gate.
  2030 | D:3      | Noticed frimble's ghost (amateur DsFi)
  2048 | D:3      | Identified the +10 short sword "Kauqab" {venom, SInv}
  2048 | D:3      | Noticed a big kobold
  2220 | D:4      | Noticed Pikel
  2220 | D:4      | Noticed a slave
  2220 | D:4      | Noticed a slave
  2220 | D:4      | Noticed a slave
  2222 | D:4      | Noticed a slave
  2249 | D:3      | Killed a slave
  2292 | D:3      | Slain by a slave

Vault maps used:
D:1:      dpeg_arrival_simpleton_b, minmay_misc_feat_enclosed
D:2:      chequers_serial_rivers_small_a
D:3:      gammafunk_ghost_nasty_kobolds, first_ration, solitary_fountain,
          st_stairs_10, grunt_gozag_breadcrumbs
D:4:      minmay_increasing_density, uniq_grinder, uniq_pikel

Skill      XL: |  1  2  3  4  5 |
---------------+----------------+-----
Dodging        | 1 |  1.0
Stealth        | 5 |  5.8
Fighting       | 2 |  2.9
Short Blades   | 2 |  2.9
Armour         | 1 2 |  2.0
Throwing       | |  1.7

Action                   |  1- 3 |  4- 6 || total
-------------------------+-------+-------++-------
Melee: Dagger            |    67 |   141 ||   208
       Bite              |    23 |    46 ||    69
Throw: Javelin           |    26 |     7 ||    33
       Stone             |    20 |       ||    20
  Use: Potion            |       |     2 ||     2
 Stab: Sleeping          |     4 |     6 ||    10
  Eat: Chunk             |       |     4 ||     4
Armor: Ring mail         |    28 |    38 ||    66
Dodge: Dodged            |    39 |    83 ||   122

Table legend:
 A = Non-vault XP
 B = Vault XP
 C = Vault XP percentage of total XP
 D = Non-vault monster count
 E = Vault monster count
 F = Vault count percentage of total count
                 A         B        C        D         E       F
            +---------+---------+-------+---------+---------+-------
      Total |     257 |       4 |   1.5 |      74 |       3 |   3.9
            +---------+---------+-------+---------+---------+-------
        D:1 |      31 |       0 |   0.0 |      18 |       0 |   0.0
        D:2 |      77 |       0 |   0.0 |      27 |       0 |   0.0
        D:3 |     147 |       4 |   2.6 |      28 |       3 |   9.7
        D:4 |       2 |       0 |   0.0 |       1 |       0 |   0.0
            +---------+---------+-------+---------+---------+-------
